[Event "Early-Titled-Tuesday-Blitz-January-16-2024"]
[Site "Chess.com"]
[Date "2024.01.16"]
[Round "9"]
[White "ScofieldMichael01"]
[Black "Garbaranza"]
[Result "1/2-1/2"]
[WhiteElo "2578"]
[BlackElo "2436"]
[TimeControl "180+1"]
[EndTime "9:50:00 PST"]
[Termination "Game drawn by repetition"]

1. d4 Nf6 2. Nf3 d5 3. e3 c5 4. b3 Nc6 5. Bb2 Bg4 6. Bd3 e6 7. O-O Bd6 8. Nbd2 O-O 9. dxc5 Bxc5 10. a3 e5 11. b4 Bd6 12. e4 d4 13. c3 dxc3 14.
Bxc3 Bxb4 15. axb4 Qxd3 16. Qb3 Nxe4 17. Nxe4 Qxe4 18. Rfe1 Qg6 19. Nxe5 Nxe5 20. Bxe5 a6 21. h3 Be6 22. Qf3 Rad8 23. Rad1 b5 24. Kh2 Bc4 25.
Rd4 Rxd4 26. Bxd4 Qd6+ 27. Be5 Qxb4 28. Re4 f6 29. Bg3 Qc5 30. Qd1 Qc6 31. Qd4 Re8 32. Rg4 a5 33. Bd6 Re6 34. Bg3 Re7 35. Qd8+ Qe8 36.
Qxa5 Re4 37. Rxe4 Qxe4 38. Qd8+ Kf7 39. Qc7+ Qe7 40. Qc6 Qe6 41. Qc7+ Qe7 42. Qf4 Be6 43.
Qh4 b4 44. Qxh7 b3 45. Qh5+ Kg8 46. Qb5 Qd7 47. Qb8+ Kh7 48. Bf4 Qf7 49. Qb4 Qg6 50.
Be3 Qc2 51. Bd4 Qc4 52. Qxc4 Bxc4 53. Kg3 Kg6 54. Kf4 Kf7 55. h4 g6 56. Bb2 Ke6 57. g4 Bf1 58. h5 gxh5 59. gxh5 Kf7 60. Kf5 Bd3+ 61. Kf4 Be2 62. h6 Kg6 63. h7 Kxh7 64. Bxf6 Kg6 65. Bb2 Bd1 66. Ke3 Kf7 67. Kd2 Bc2 68.
Kc3 Ke6 69. Kd4 Kf5 70. Ke3 Ke6 71. f4 Kf7 72. Kf3 Ke6 73. Ke3 Kf5 74. Kf3 Bd1+ 75. Kg3 Bc2 76. Bc3 Bd1 77. Ba1 Bc2 78. Bd4 Bd1 79.
Be5 Bc2 80. Kf3 Bd1+ 81. Ke3 Bc2 82. Kd2 Be4 83. Kc1 Bc2 84. Kb2 Ke4 85. Bc7 Kf5 86. Be5 Ke4 87. Kc3 Kf5 88. Kd2 Bb1 89.
Bd6 Bc2 90. Kc3 Bd1 91. Kd2 Bc2 92.
Be5 1/2-1/2

[Event "Early-Titled-Tuesday-Blitz-January-16-2024"]
[Site "Chess.com"]
[Date "2024.01.16"]
[Round "9"]
[White "jinbojinbo"]
[Black "MyDream003"]
[Result "0-1"]
[WhiteElo "2655"]
[BlackElo "2879"]
[TimeControl "180+1"]
[EndTime "9:50:01 PST"]
[Termination "MyDream003 won by resignation"]

1. e4 c6 2. d4 d5 3. e5 Bf5 4. h4 h6 5. g4 Be4 6. f3 Bh7 7. e6 Qd6 8. exf7+ Kxf7 9. Bd3 Bxd3 10. Qxd3 Nd7 11. Ne2 e5 12. Qf5+ Ngf6 13. dxe5 Qxe5 14. Qxe5 Nxe5 15. O-O Re8 16. Nbc3 d4 17. Ne4 Nxf3+ 18. Rxf3 Rxe4 19. Nf4 Nxg4 20. Bd2 Nf6 21. Kg2 Bd6 22. Raf1 Rhe8 23. Kh3 Bxf4 24. Bxf4 R8e6 25. Bb8 a6 26. Ba7 R6e5 27. Rf4 Rxf4 28. Rxf4 c5 29. b4 cxb4 30. Rxd4 Nd5 31. Rc4 Ke6 32. Rc8 Kd7 33. Rg8 Re7 34.
Bd4 Nf4+ 35. Kg4 Ne6 36. Be5 Re8 37. Rxe8 Kxe8 38. Kf5 Kf7 39. h5 a5 40. Bb2 b5 41.
Be5 Nc5 42. Bc7 a4 43. Bd6 b3 44. cxb3 axb3 45. axb3 Nxb3 46. Bb4 Nd4+ 47. Ke4 Nc6 48.
Bc5 b4 49. Kd5 b3 50. Ba3 Ne7+ 51. Kc4 Ng8 52. Kxb3 Nf6 53. Bb2 Nxh5 54. Kc4 g5 55. Kd5 Kg6 56. Ke4 Nf4 57. Bc1 Nh5 58. Ke5 Nf6 59.
Ke6 h5 60. Ke5 Ng4+ 61. Ke4 Nh6 62. Kf3 h4 63. Kg2 Kh5 64. Bd2 g4 65. Be1 Nf5 66.
Bf2 h3+ 67. Kh2 Kg5 68. Be1 Kf4 69. Bd2+ Kf3 70. Be1 Nd6 71. Bh4 Ne4 72. Be1 Nf2 73. Bxf2 Kxf2 74. Kh1 Kg3 75. Kg1 Kf3 76. Kh1 g3 77.
Kg1 h2+ 78. Kh1 g2+ 79. Kxh2 Kf2 0-1

[Event "Early-Titled-Tuesday-Blitz-January-16-2024"]
[Site "Chess.com"]
[Date "2024.01.16"]
[Round "9"]
[White "Felix-Rose"]
[Black "NewYearGirl"]
[Result "1-0"]
[WhiteElo "2233"]
[BlackElo "2375"]
[TimeControl "180+1"]
[EndTime "9:50:02 PST"]
[Termination "Felix-Rose won by resignation"]

1. e4 c5 2. Nf3 d6 3. d4 cxd4 4. Nxd4 Nf6 5. Nc3 g6 6. Be3 Bg7 7. f3 O-O 8. Qd2 Nc6 9. O-O-O d5 10. Qe1 e5 11. Nxc6 bxc6 12. exd5 Nxd5 13. Ne4 Qc7 14.
Bc5 Rd8 15. h4 Rb8 16. h5 Be6 17. g4 Qb7 18. b3 Nf4 19. Rxd8+ Rxd8 20. hxg6 fxg6 21.
Qh4 Qd7 22. Qxh7+ Kf7 23. Ng5+ Kf6 24. Ne4+ Kf7 25. Qh4 Rh8 26. Qxh8 Bxh8 27. Rxh8 Kg7 28. Rh7+ Kxh7 29. Nf6+ Kh6 30. Nxd7 Bxd7 31. Bxa7 Kg5 32. Bb8 Kf6 33. a4 Be6 34. a5 Bd5 35. Bc4 Bxf3 36. b4 Bxg4 37. a6 Bf3 38. a7 c5 39. bxc5 g5 40. Bb5 Ba8 41. c6 g4 42. c7 g3 43.
c8=Q g2 44. Qf8+ Kg5 45. Qg7+ Ng6 46. Bxe5 g1=Q+ 47. Kb2 Qf2 48. Bc3 Be4 49. Ba4 Qf5 50.
Qc7 Qf2 51. Qb8 Nf4 52. a8=Q Nd3+ 53. Ka3 Qc5+ 54. Bb4 Nxb4 55. Qxb4 Qe3+ 56. Qb3 Qc1+ 57. Kb4 Qe1+ 58. Qc3 Qh4 59. Qg8+ Kf4 60. Qc7+ Ke3 61. Qc3+ Ke2 62. Bb5+ Bd3+ 63. Bc4 Qe7+ 64. Kb3 Qb7+ 65. Ka2 Qa7+ 66. Kb2 Qb6+ 67. Bb3 Be4 68. Qg4+ Kf2 69. Qcg3+ Kf1 70. Q4f4+ Ke2 71. Qh2+ Ke1 72. Qxe4+ Kd1 73. Qeh1+ 1-0

[Event "Early-Titled-Tuesday-Blitz-January-16-2024"]
[Site "Chess.com"]
[Date "2024.01.16"]
[Round "9"]
[White "FMVolodymyrSakun"]
[Black "Alenzer"]
[Result "1/2-1/2"]
[WhiteElo "2534"]
[BlackElo "2148"]
[TimeControl "180+1"]
[EndTime "9:50:11 PST"]
[Termination "Game drawn by stalemate"]

1. e4 c5 2. Nf3 e6 3. d4 cxd4 4. Nxd4 Nf6 5. Bd3 Nc6 6. Be3 d5 7. Nxc6 bxc6 8. exd5 cxd5 9. O-O Bd6 10. h3 O-O 11. c4 dxc4 12. Bxc4 Bb7 13. Nc3 Qe7 14.
Qb3 a5 15. Bg5 Rab8 16. Qc2 h6 17. Be3 Rfc8 18. Bd3 Nd5 19. Nxd5 Bxd5 20. Qe2 Qf6 21. b3 Qe5 22. g3 f5 23. Rac1 Qf6 24. Bc4 Be4 25. Rfd1 Be5 26. Ba6 Rd8 27. Rxd8+ Rxd8 28. Rd1 Kh7 29. Rxd8 Qxd8 30. Bc4 Qd6 31. Qd2 Qc6 32. Kf1 Bg2+ 33. Ke1 Bxh3 34. Qd8 Bg4 35. Qe7 Qf3 36. Qd7 Qh1+ 37. Bf1 Bh3 38. Qd3 Bg4 39. Kd2 Qf3 40. Be2 Qxe2+ 41. Qxe2 Bxe2 42. Kxe2 Kg6 43. Kd3 Kf6 44. Bd2 Bc7 45. Bc3+ e5 46. Kc4 Ke6 47. Kb5 g5 48. Bxa5 Bd6 49. Bc3 e4 50. a4 e3 51.
fxe3 Bxg3 52. a5 f4 53. exf4 gxf4 54. a6 f3 55. a7 f2 56. a8=Q f1=Q+ 57. Kb6 Bf2+ 58.
Kc7 Bg3+ 59. Kb6 Qf2+ 60. Kb5 Qe2+ 61. Kb6 Qe3+ 62. Kb5 Qxc3 63. Qe4+ Kf6 64. b4 Qe5+ 65. Qxe5+ Bxe5 66. Kc6 Bd4 67. Kd5 Bf2 68. Ke4 Kg5 69.
Kf3 Bb6 70. Kg2 h5 71. b5 Kg4 72. Kh1 Kf3 73. Kh2 Ke4 74. Kh3 Kf5 75. Kh4 Kg6 76.
Kg3 Kg5 77. Kh3 Be3 78. b6 Bxb6 79. Kh2 Kg4 80. Kg2 Bc7 81. Kh1 h4 82. Kg2 Kf4 83. Kh1 Kg5 84. Kg2 Kg4 85. Kh1 Kh3 86.
Kg1 Bg3 87. Kh1 Bf4 88. Kg1 Be5 89. Kh1 Kg4 90. Kg1 h3 91. Kh1 Kf3 92. Kg1 Bg3 93.
Kh1 h2 1/2-1/2

[Event "Early-Titled-Tuesday-Blitz-January-16-2024"]
[Site "Chess.com"]
[Date "2024.01.16"]
[Round "9"]
[White "blitzking1729"]
[Black "Grossboss19"]
[Result "1/2-1/2"]
[WhiteElo "2688"]
[BlackElo "2545"]
[TimeControl "180+1"]
[EndTime "9:50:12 PST"]
[Termination "Game drawn - insufficient material"]

1. c4 e6 2. Nf3 d5 3. e3 a6 4. Nc3 dxc4 5. Bxc4 b5 6. Be2 Bb7 7. d4 c5 8. O-O Nf6 9. dxc5 Bxc5 10. Qxd8+ Kxd8 11. b3 Ke7 12. Bb2 Nbd7 13. Rac1 Rac8 14. Rfd1 Rhd8 15.
h3 h6 16. Kf1 Bb6 17. a4 b4 18. Nb1 a5 19. Nbd2 Rxc1 20. Rxc1 Rc8 21. Nc4 Bc7 22. Nd4 Ne8 23. Nb5 Bd8 24. Rd1 Bd5 25.
f3 Nc5 26. Nd4 Nxb3 27. Nxb3 Bxc4 28. Bxc4 Rxc4 29. Rd2 Bb6 30. Ke2 f6 31. Bd4 Bxd4 32.
Rxd4 Rc2+ 33. Rd2 Rc3 34. Nxa5 Nc7 35. Rb2 Na6 36. Kd2 Rc5 37. Nb3 Rd5+ 38. Ke2 Rd6 39.
Rc2 Kd7 40. Na5 Rb6 41. Nc4 Rc6 42. Rd2+ Kc7 43. Na5 Rc3 44. Rd3 Rc2+ 45. Rd2 Rc3 46. Kd1 Nc5 47. Rc2 Nxa4 48. Nb3 Kd6 49. Nd2 Kd5 50.
Ra2 Ra3 51. Rc2 Rxe3 52. Rc8 Rc3 53. Rd8+ Kc5 54. Ne4+ Kc4 55. Nxc3 Nxc3+ 56. Kd2 Kb3 57. Rg8 Kb2 58. Rxg7 Nb1+ 59. Kd3 b3 60. Rb7 Na3 61. Ra7 Ka2 62. Rb7 b2 63. Kd4 b1=Q 64. Rxb1 Kxb1 65. Kc5 Kc2 66. Kd6 e5 67. Ke6 Kd3 68.
Kxf6 Nc4 69. Kf5 Ke3 70. h4 Kf2 71. g4 Kxf3 72. g5 hxg5 73. hxg5 e4 74. g6 Ne3+ 75. Ke6 Ng4 76. g7 Nh6 77. Kf6 e3 78. Kg6 Ng8 79. Kf7 e2 80. Kxg8 e1=Q 81. Kf7 Qe4 82. g8=Q Qd5+ 83.
Kg7 Qxg8+ 84. Kxg8 1/2-1/2

[Event "Early-Titled-Tuesday-Blitz-January-16-2024"]
[Site "Chess.com"]
[Date "2024.01.16"]
[Round "9"]
[White "francyIM"]
[Black "tptagain"]
[Result "1/2-1/2"]
[WhiteElo "2846"]
[BlackElo "2954"]
[TimeControl "180+1"]
[EndTime "9:50:16 PST"]
[Termination "Game drawn by repetition"]

1. d4 d5 2. c4 e6 3. Nc3 Bb4 4. a3 Bxc3+ 5. bxc3 Nf6 6. f3 O-O 7. e3 c6 8. Bd3 b6 9. e4 Ba6 10. e5 Nfd7 11. f4 Bxc4 12. Bxc4 dxc4 13. Nf3 b5 14.
Qc2 f5 15. exf6 Qxf6 16. O-O Qf5 17. Qe2 Nb6 18. Ne5 Qf6 19. Bd2 N8d7 20. Nxc6 Rfc8 21.
Ne5 Nxe5 22. dxe5 Qg6 23. Be3 Nd5 24. Bd4 Rf8 25. Qd2 h5 26. Rf3 a6 27. a4 Rad8 28.
Raf1 Rf5 29. Kh1 Rdf8 30. g3 Qg4 31. Qg2 bxa4 32. h3 Qg6 33. Qa2 h4 34. Rg1 R8f7 35. Qxc4 Kh7 36. Qxa6 hxg3 37. Rfxg3 Qh6 38. Qxa4 Rh5 39.
Qc2+ Kh8 40. R1g2 Rxf4 41. Kh2 Rfh4 42. Kg1 Rxh3 43. Rxh3 Rxh3 44. Rh2 Kg8 45. Rxh3 Qxh3 46. Qg2 Qf5 47. Kh2 Nf4 48. Qf3 Qc2+ 49. Qf2 Qe4 50.
Kg3 Nd5 51. Qf3 Qg6+ 52. Qg4 Qd3+ 53. Qf3 Qd2 54. Qg4 Qe1+ 55. Kh2 Qd2+ 56. Kg3 Qh6 57. Qh4 Qg6+ 58. Qg4 Qf7 59. Qf3 Qd7 60. Kf2 Ne7 61.
Ke3 Nf5+ 62. Kd3 Qb5+ 63. Kc2 Qc4 64. Qd3 Qa2+ 65. Kd1 Kf7 66. Qf3 g5 67. Qh5+ Kf8 68. Bc5+ Kg7 69. Qxg5+ Kh7 70. Qh5+ Kg7 71. Qg5+ Kh7 72.
Bf8 Qb3+ 73. Kd2 Qb2+ 74. Kd3 Qb1+ 75. Kd2 Qa2+ 76. Ke1 Qb1+ 77. Kf2 Qc2+ 78. Kg1 Qd1+ 79. Kh2 Qc2+ 80. Qg2 Qxc3 81. Qh3+ Qxh3+ 82. Kxh3 Kg8 83. Bc5 Kf7 84. Kg4 Kg6 85. Kf4 Ng7 86. Kg4 Nf5 87. Kf4 Ng7 88. Kg4 Nf5 1/2-1/2

[Event "Early-Titled-Tuesday-Blitz-January-16-2024"]
[Site "Chess.com"]
[Date "2024.01.16"]
[Round "9"]
[White "AlexandraSamaganova"]
[Black "agvega14"]
[Result "1-0"]
[WhiteElo "2297"]
[BlackElo "2134"]
[TimeControl "180+1"]
[EndTime "9:50:16 PST"]
[Termination "AlexandraSamaganova won on time"]

1. c4 e5 2. Nc3 Nc6 3. g3 Bc5 4. Bg2 d6 5. e3 h5 6. h3 a6 7.
Nge2 Ba7 8. d4 Nf6 9. b3 Rb8 10. Bb2 O-O 11. O-O Re8 12. Kh2 Bf5 13. d5 Ne7 14. e4 Bd7 15. f4 Ng6 16. f5 Nf8 17.
Bc1 b5 18. cxb5 axb5 19. b4 c6 20. Qd3 N8h7 21. Rd1 c5 22. a3 c4 23. Qc2 Qb6 24. Rf1 Qc7 25. Rf3 Rec8 26. Be3 Bxe3 27. Rxe3 Qb6 28. Rf3 Ng5 29. Rff1 Qe3 30. Qc1 Qxc1 31.
Raxc1 Ra8 32. Ra1 Ra7 33. h4 Ng4+ 34. Kg1 Nh7 35. Bf3 Nhf6 36. Ra2 Rca8 37. Nb1 Ne3 38. Re1 Neg4 39. Nec3 Kf8 40. Rd2 Ke7 41. Bd1 g6 42.
Bc2 gxf5 43. exf5 Be8 44. Ne4 Nxe4 45. Rxe4 Nf6 46. Re1 Kd8 47. Kf2 Kc7 48. Kf3 Bd7 49. Re3 Rg8 50. Re1 Rg4 51. Ree2 Ra8 52. Rg2 Rag8 53.
Nc3 e4+ 54. Kf2 Bxf5 55. Re2 e3+ 56. Kxe3 Bxc2 57. Rxc2 Rxg3+ 58. Rxg3 Rxg3+ 59. Kf4 Rg4+ 60. Kf5 Nd7 61. Nxb5+ Kd8 62. Nxd6 Rxh4 63. Nxf7+ Ke7 64. Ng5 Rh1 65. Rxc4 h4 66. Re4+ Kd6 67. Nf7+ Kc7 68. d6+ Kc6 69. Rc4+ Kd5 70. Rc7 Rf1+ 71. Kg6 Ke6 72.
Ng5+ Kxd6 73. Rc3 h3 74. Rxh3 Rg1 75. Rd3+ Ke7 76. Kf5 Rf1+ 77. Nf3 Ra1 78. Ke4 Ke6 79.
Nd4+ Ke7 80. Nc6+ Ke6 81. Nd8+ Ke7 82. Nb7 Nb6 83. Nc5 Nc4 84. a4 Rb1 85. b5 Nd6+ 86.
Kd5 Rb4 87. Re3+ 1-0

[Event "Early-Titled-Tuesday-Blitz-January-16-2024"]
[Site "Chess.com"]
[Date "2024.01.16"]
[Round "10"]
[White "the_blue_pill"]
[Black "Yushko_Olga"]
[Result "0-1"]
[WhiteElo "2325"]
[BlackElo "2144"]
[TimeControl "180+1"]
[EndTime "9:51:50 PST"]
[Termination "Yushko_Olga won by resignation"]

1. b3 e6 2. Bb2 Nf6 3. Nf3 d5 4. c4 Be7 5. e3 O-O 6. Be2 c5 7.
cxd5 exd5 8. O-O Nc6 9. Nc3 d4 10. exd4 cxd4 11. Nb5 d3 0-1

[Event "Early-Titled-Tuesday-Blitz-January-16-2024"]
[Site "Chess.com"]
[Date "2024.01.16"]
[Round "10"]
[White "Sebastian"]
[Black "Iball95"]
[Result "1-0"]
[WhiteElo "2954"]
[BlackElo "2757"]
[TimeControl "180+1"]
[EndTime "9:52:12 PST"]
[Termination "Sebastian won by checkmate"]

1. e4 c5 2. Nf3 e6 3. d4 cxd4 4. Nxd4 Nf6 5. Nc3 Nc6 6. Nxc6 bxc6 7. e5 Nd5 8. Ne4 f5 9. exf6 Nxf6 10. Nd6+ Bxd6 11.
Qxd6 Ba6 12. Bxa6 Qa5+ 13. Bd2 Qxa6 14. f3 O-O-O 15. Bf4 Nd5 16. Qb8# 1-0

[Event "Early-Titled-Tuesday-Blitz-January-16-2024"]
[Site "Chess.com"]
[Date "2024.01.16"]
[Round "10"]
[White "djano"]
[Black "Matrix3x3a"]
[Result "1-0"]
[WhiteElo "2640"]
[BlackElo "2461"]
[TimeControl "180+1"]
[EndTime "9:52:58 PST"]
[Termination "djano won by resignation"]

1. e4 c5 2. Nc3 d6 3. f4 g6 4. Nf3 Bg7 5. Bc4 Nc6 6. O-O e6 7. d4 cxd4 8. Nb5 Nge7 9. Bb3 O-O 10. Nbxd4 Nxd4 11. Nxd4 a6 12. c3 Nc6 13. Be3 Nxd4 14.
Bxd4 e5 15. fxe5 Be6 16. Bxe6 fxe6 17. Rxf8+ Qxf8 18. exd6 e5 19. Bc5 Rd8 20. Qd5+ Qf7 1-0

[Event "Early-Titled-Tuesday-Blitz-January-16-2024"]
[Site "Chess.com"]
[Date "2024.01.16"]
[Round "10"]
[White "BelyakovBogdan"]
[Black "Roman_Ovetchkin"]
[Result "0-1"]
[WhiteElo "2501"]
[BlackElo "2665"]
[TimeControl "180+1"]
[EndTime "9:53:35 PST"]
[Termination "Roman_Ovetchkin won by resignation"]

1. e4 Nc6 2. Nf3 d5 3. exd5 Qxd5 4. Nc3 Qh5 5. Bb5 Bg4 6. Bxc6+ bxc6 7. d4 e6 8. Qe2 Bd6 9. Be3 Ne7 10. O-O-O O-O 11.
h3 Bxf3 12. gxf3 Rab8 13. Rhg1 Qa5 14. Rg5 Qb4 15. Kd2 Qxb2 16. Rb1 Qa3 17. Rb3 Rxb3 18. axb3 Bb4 19. Qc4 Nd5 20. Rxd5 cxd5 21. Qc6 Qa5 0-1

[Event "Early-Titled-Tuesday-Blitz-January-16-2024"]
[Site "Chess.com"]
[Date "2024.01.16"]
[Round "10"]
[White "rhungaski"]
[Black "UK_23"]
[Result "0-1"]
[WhiteElo "2511"]
[BlackElo "2385"]
[TimeControl "180+1"]
[EndTime "9:53:37 PST"]
[Termination "UK_23 won by resignation"]

1. e4 e5 2. Nf3 Nc6 3. d4 exd4 4. Nxd4 Nf6 5. Nxc6 bxc6 6. e5 Qe7 7. Qe2 Nd5 8. g3 g6 9. c4 Nb6 10. Nc3 Bg7 11.
Ne4 O-O 12. Bg2 Qxe5 13. Bf4 Qxb2 14. Qxb2 Bxb2 15. Rb1 Nxc4 16. Rxb2 Nxb2 17. Nf6+ Kg7 18. Be5 Nd3+ 0-1

[Event "Early-Titled-Tuesday-Blitz-January-16-2024"]
[Site "Chess.com"]
[Date "2024.01.16"]
[Round "10"]
[White "AttilaTurzo"]
[Black "Kostukov_Alex"]
[Result "1-0"]
[WhiteElo "2490"]
[BlackElo "2315"]
[TimeControl "180+1"]
[EndTime "9:53:58 PST"]
[Termination "AttilaTurzo won by resignation"]

1. d4 g6 2. e4 Bg7 3. c3 c5 4.
dxc5 Qc7 5. Be3 Nf6 6. Bd3 Na6 7.
Bxa6 bxa6 8. Nd2 Rb8 9. b4 Ng4 10. Qxg4 Bxc3 11. Rc1 Bxb4 12. Ne2 Qa5 13. Qf4 Qxa2 14.
Qxb8 O-O 15. Qxb4 1-0

[Event "Early-Titled-Tuesday-Blitz-January-16-2024"]
[Site "Chess.com"]
[Date "2024.01.16"]
[Round "10"]
[White "GMRAVEN_ON_YOUTUBE"]
[Black "azikom"]
[Result "0-1"]
[WhiteElo "2810"]
[BlackElo "2709"]
[TimeControl "180+1"]
[EndTime "9:54:05 PST"]
[Termination "azikom won by resignation"]

1. f4 d5 2. Nf3 Nf6 3. e3 g6 4. b3 Bg7 5. Bb2 O-O 6. Be2 c5 7. O-O b6 8. Ne5 Bb7 9. Bf3 e6 10. d3 Nc6 11. Nd2 Rc8 12. Qe2 Nxe5 13. fxe5 Nd7 14. Nc4 dxc4 15. Bxb7 Rc7 16. Ba6 cxd3 17.
cxd3 Nxe5 18. d4 cxd4 19. exd4 Nc6 20. Rad1 Rd7 21. Kh1 Nxd4 22. Qd2 Qe7 23. Bb5 Rdd8 24. Bc4 Nxb3 25. Qc2 Bxb2 26. Qxb2 Nc5 27. Rde1 Nd3 0-1

[Event "Early-Titled-Tuesday-Blitz-January-16-2024"]
[Site "Chess.com"]
[Date "2024.01.16"]
[Round "10"]
[White "GMT4114"]
[Black "talaicito"]
[Result "0-1"]
[WhiteElo "1990"]
[BlackElo "2269"]
[TimeControl "180+1"]
[EndTime "9:54:29 PST"]
[Termination "talaicito won by resignation"]

1. e4 c5 2. Nc3 e6 3. Nge2 Nc6 4. g3 g6 5. Bg2 Bg7 6. O-O Nge7 7. f4 d6 8. d3 O-O 9. g4 f5 10. Ng3 Rb8 11. a4 a6 12. Be3 b5 13. axb5 axb5 14. gxf5 exf5 15. exf5 Bxf5 16. Nxf5 Nxf5 17. Bxc5 dxc5 18. Bxc6 Ne3 19. Qg4 Nxg4 0-1

[Event "Early-Titled-Tuesday-Blitz-January-16-2024"]
[Site "Chess.com"]
[Date "2024.01.16"]
[Round "10"]
[White "sansanathalia"]
[Black "kritipatel"]
[Result "1-0"]
[WhiteElo "2364"]
[BlackElo "2175"]
[TimeControl "180+1"]
[EndTime "9:54:34 PST"]
[Termination "sansanathalia won by resignation"]

1. e4 e5 2. d4 exd4 3. Qxd4 Nc6 4. Qe3 Nf6 5. Bd2 d6 6. Nc3 Be6 7. O-O-O Qd7 8. f4 Bg4 9. Re1 O-O-O 10. h3 Bh5 11. g4 Bxg4 12. hxg4 Nxg4 13. Qg3 h5 14. Bh3 Be7 15. Nf3 Rdg8 16. Reg1 Kb8 17. Bxg4 hxg4 18.
Rxh8 Rxh8 19. Qxg4 Qe8 20. Qxg7 Rh3 21. Qg8 Bf8 22.
Ng5 Rh2 23. Qxf7 Qxf7 24. Nxf7 Kc8 25. Rg8 1-0

[Event "Early-Titled-Tuesday-Blitz-January-16-2024"]
[Site "Chess.com"]
[Date "2024.01.16"]
[Round "10"]
[White "adotand"]
[Black "jinbojinbo"]
[Result "1-0"]
[WhiteElo "2870"]
[BlackElo "2651"]
[TimeControl "180+1"]
[EndTime "9:54:39 PST"]
[Termination "adotand won by resignation"]

1. Nf3 Nf6 2. c4 e6 3. e3 d5 4. d4 Be7 5. Nc3 O-O 6. Be2 dxc4 7. Bxc4 c5 8. O-O Nc6 9. a3 cxd4 10. exd4 b6 11. Bg5 Bb7 12. Qd3 h6 13. Bh4 Nd5 14.
Bg3 Nxc3 15. bxc3 Bf6 16. Rad1 Rc8 17. Rfe1 Re8 18. Ba2 Ne7 19. Ne5 Bd5 20. c4 Bb7 21. d5 Nf5 22. Nxf7 Kxf7 23. dxe6+ Rxe6 24. Qxf5 Rxe1+ 25. Rxe1 Kf8 26. c5 Rxc5 27. Qe6 Bd5 28. Bd6+ 1-0

[Event "Early-Titled-Tuesday-Blitz-January-16-2024"]
[Site "Chess.com"]
[Date "2024.01.16"]
[Round "10"]
[White "RodokininEV"]
[Black "Talent-OF-Slovenia"]
[Result "1-0"]
[WhiteElo "2614"]
[BlackElo "2417"]
[TimeControl "180+1"]
[EndTime "9:54:39 PST"]
[Termination "RodokininEV won by checkmate"]

1. e4 c5 2. Nf3 e6 3. d3 Nc6 4. Nbd2 d6 5. c3 Nf6 6. d4 cxd4 7. cxd4 Be7 8. Bd3 O-O 9. O-O Bd7 10.
a3 a6 11. Qe2 b5 12. e5 Nd5 13. Ne4 h6 14. exd6 Bf6 15. Be3 Rc8 16. Rac1 Re8 17.
Qd2 Na7 18. Ne5 Rxc1 19. Rxc1 Nc8 20. Bxh6 gxh6 21. Qxh6 Bg7 22. Qh7+ Kxh7 23. Nf6+ Kh6 24. Nxf7# 1-0

[Event "Early-Titled-Tuesday-Blitz-January-16-2024"]
[Site "Chess.com"]
[Date "2024.01.16"]
[Round "10"]
[White "jefferyx"]
[Black "PavelShkapenko"]
[Result "0-1"]
[WhiteElo "2997"]
[BlackElo "2791"]
[TimeControl "180+1"]
[EndTime "9:54:42 PST"]
[Termination "PavelShkapenko won by resignation"]

1. e4 e5 2. Nf3 Nc6 3. Nc3 Nf6 4. d4 Bb4 5. Nxe5 Qe7 6. Qd3 Bxc3+ 7. bxc3 Nxe5 8. dxe5 Qxe5 9. f3 d5 10. Qd4 Qxd4 11.
cxd4 dxe4 12. fxe4 Nxe4 13. Bd3 Nd6 14. O-O Be6 15.
Bf4 O-O-O 16. c3 Bc4 17. Bxc4 Nxc4 18. Kf2 Rhe8 19. Rfe1 f6 20. Kf3 Kd7 21. h4 c6 22.
h5 Rxe1 23. Rxe1 Re8 24. Rb1 b5 25. a4 a6 26. Ra1 Ra8 27. Ke4 Nb6 28. axb5 axb5 29.
d5 0-1

[Event "Early-Titled-Tuesday-Blitz-January-16-2024"]
[Site "Chess.com"]
[Date "2024.01.16"]
[Round "10"]
[White "ChampStan"]
[Black "ClayK1ng"]
[Result "0-1"]
[WhiteElo "2129"]
[BlackElo "2296"]
[TimeControl "180+1"]
[EndTime "9:54:43 PST"]
[Termination "ClayK1ng won by resignation"]

1. e4 c6 2. d4 d6 3. Nf3 e6 4.
Nc3 f6 5. Bc4 Nd7 6. O-O d5 7.
exd5 exd5 8. Re1+ Ne7 9. Bd3 g6 10. Bf4 Nb6 11. a4 Kf7 12. a5 Nc4 13. Bxc4 dxc4 14.
h3 Bg7 15. Qe2 Nd5 16. Nxd5 cxd5 17. b3 cxb3 18. cxb3 Re8 19. Qd3 Bf5 20. Qb5 Qd7 21.
Qb4 Bf8 22. Qd2 Qb5 23. Qb2 Bb4 24. Re3 Rxe3 25. Bxe3 Rc8 26. Bd2 Rc2 0-1

[Event "Early-Titled-Tuesday-Blitz-January-16-2024"]
[Site "Chess.com"]
[Date "2024.01.16"]
[Round "10"]
[White "toninhojit"]
[Black "Nf3c5"]
[Result "0-1"]
[WhiteElo "2385"]
[BlackElo "2553"]
[TimeControl "180+1"]
[EndTime "9:54:47 PST"]
[Termination "Nf3c5 won by resignation"]

1. d4 Nf6 2. c4 e6 3. Nf3 c5 4. d5 exd5 5. cxd5 d6 6. Nc3 g6 7. e4 a6 8. a4 Bg4 9. Be2 Bxf3 10. Bxf3 Nbd7 11. Bf4 Qe7 12. O-O Bg7 13. Re1 Ne5 14. Be2 O-O 15. Bg3 g5 16. Bf1 Rfb8 17. h4 g4 18. f4 gxf3 19. gxf3 Nh5 20. Bf2 Qf6 21. Bg2 Bh6 22. Be3 Bxe3+ 23. Rxe3 Kh8 24. Qe1 Rg8 25. Kh2 Rg3 26. Qxg3 Nxg3 27. Kxg3 Rg8+ 28. Kh3 Qf4 0-1

[Event "Early-Titled-Tuesday-Blitz-January-16-2024"]
[Site "Chess.com"]
[Date "2024.01.16"]
[Round "10"]
[White "Thursday_the_14_th"]
[Black "MightyGMpretender"]
[Result "1-0"]
[WhiteElo "2644"]
[BlackElo "2830"]
[TimeControl "180+1"]
[EndTime "9:54:51 PST"]
[Termination "Thursday_the_14_th won by checkmate"]

1. e4 e5 2. Nf3 Nc6 3. Bc4 d6 4. c3 Nf6 5. Ng5 d5 6. exd5 Na5 7. Qa4+ c6 8. dxc6 Nxc4 9. cxb7+ Bd7 10. Qxc4 Be6 11.
Nxe6 fxe6 12. Qc6+ Kf7 13. bxa8=Q Qd3 14. Qf3 Qc2 15.
O-O e4 16. Qxa7+ Be7 17. Qg3 Rd8 18. Na3 Qd3 19. Qxd3 Rxd3 20. b4 Nd5 21. b5 Kf6 22. b6 Bc5 23. Nc4 Nf4 24. Ba3 Rd5 25. Bxc5 Rxc5 26.
b7 Rg5 27. Qd4+ Kf7 28. Qxe4 Nh3+ 29. Kh1 Rb5 30. gxh3 Kf6 31. Qf4+ Ke7 32. b8=Q Rxb8 33. Qxb8 h5 34. Rab1 h4 35. Rb7+ Kf6 36. Qf4+ Kg6 37. Rg1+ Kh5 38. Qg5# 1-0

[Event "Early-Titled-Tuesday-Blitz-January-16-2024"]
[Site "Chess.com"]
[Date "2024.01.16"]
[Round "10"]
[White "tactic"]
[Black "NinoMaisuradze"]
[Result "1-0"]
[WhiteElo "2545"]
[BlackElo "2328"]
[TimeControl "180+1"]
[EndTime "9:55:01 PST"]
[Termination "tactic won by resignation"]

1. e4 c5 2. c3 d5 3. exd5 Qxd5 4.
Nf3 Nf6 5. Na3 Bg4 6. Be2 e6 7.
Qa4+ Nc6 8. Nc4 Qd7 9. Nb6 axb6 10. Qxa8+ Nd8 11. Ne5 Qd5 12. Qa4+ Nc6 13. Nxg4 Qxg2 14.
Nxf6+ gxf6 15. Rf1 Bd6 16. d3 O-O 17. Qe4 Qg7 18.
Be3 f5 19. Qh4 Ne5 20. Bh6 Ng6 21. Bxg7 Nxh4 22. Bxf8 1-0

[Event "Early-Titled-Tuesday-Blitz-January-16-2024"]
[Site "Chess.com"]
[Date "2024.01.16"]
[Round "10"]
[White "m_ezat"]
[Black "Allion2017"]
[Result "1-0"]
[WhiteElo "2449"]
[BlackElo "2050"]
[TimeControl "180+1"]
[EndTime "9:55:06 PST"]
[Termination "m_ezat won by resignation"]

1. e4 c5 2. d4 cxd4 3. Nf3 d6 4. c3 Nf6 5. e5 dxe5 6. Nxe5 Nc6 7. Nxc6 bxc6 8. Bc4 e6 9. O-O Bd6 10. Qe2 O-O 11. Rd1 Qc7 12. h3 c5 13. cxd4 Bb7 14. Nc3 a6 15. d5 exd5 16. Nxd5 Nxd5 17. Bxd5 Bxd5 18. Rxd5 Rfe8 19. Qd1 Rad8 20. Bg5 Bh2+ 21.
Kh1 Rxd5 22. Qxd5 h6 23. Be3 Bd6 24. Rd1 Re6 25. b3 Qe7 26. Qa8+ Kh7 27. Qxa6 Bf4 28.
Qd3+ g6 29. Bxf4 1-0

[Event "Early-Titled-Tuesday-Blitz-January-16-2024"]
[Site "Chess.com"]
[Date "2024.01.16"]
[Round "10"]
[White "Buzhizhebuguai"]
[Black "DenLaz"]
[Result "1-0"]
[WhiteElo "2690"]
[BlackElo "3042"]
[TimeControl "180+1"]
[EndTime "9:55:14 PST"]
[Termination "Buzhizhebuguai won by resignation"]

1. Nf3 d5 2. g3 g6 3. Bg2 Bg7 4. O-O Nf6 5. d4 O-O 6. c4 c6 7.
cxd5 cxd5 8. Ne5 Nc6 9. Nc3 Bf5 10. Bf4 Rc8 11. Nxc6 bxc6 12. Rc1 Nd7 13. Na4 e5 14. dxe5 Nxe5 15. b3 h5 16. h3 Re8 17.
Qd2 Nd7 18. Rfd1 Qe7 19. Re1 Nf6 20. Nc5 Rcd8 21. Bg5 Qc7 22. b4 Rc8 23. a3 Qd6 24. e4 Bd7 25. e5 Rxe5 26. Rxe5 Qxe5 27. Bxf6 Qxf6 28. Nxd7 Qd6 29. Nc5 h4 30. g4 Bf6 31.
Ne4 Qe5 32. Nxf6+ Qxf6 33. b5 c5 34. Qxd5 Kg7 35. Rxc5 Re8 36. Rc1 Re2 37. Qf3 Qe7 38. Bf1 Re5 39. Qc3 Qf6 40. Re1 1-0